[Event "Rated Blitz tournament ZZIbjVR0"]
[Site "?"]
[Date "2021.09.02"]
[Round "?"]
[White "HpRmDrNsT"]
[Black "Dimitri-Ingenieur"]
[Result "0-1"]
[ECO "C42"]
[WhiteElo "2418"]
[BlackElo "2428"]
[PlyCount "38"]
[EventDate "2021.??.??"]
[EventType "blitz"]
[TimeControl "180"]

1. e4 e5 2. Nf3 Nf6 3. Nxe5 d6 4. Nxf7 Kxf7 5. d4 Bg4 6. f3 Be6 7. c4 Kg8 8.
Nc3 Nbd7 9. Be2 c6 10. O-O Qb6 11. Kh1 Rd8 12. g4 h6 13. b3 Be7 14. f4 d5 15.
c5 Qb4 16. Bb2 Nxe4 17. f5 Bf7 18. Nxe4 dxe4 19. a3 Qxb3 {Normal} 0-1

[Event "Rated Blitz game"]
[Site "?"]
[Date "2021.09.02"]
[Round "?"]
[White "Salov-2"]
[Black "Urwerk"]
[Result "0-1"]
[ECO "C42"]
[WhiteElo "2280"]
[BlackElo "2449"]
[PlyCount "44"]
[EventDate "2021.??.??"]
[EventType "blitz"]
[TimeControl "300"]

1. e4 e5 2. Nf3 Nf6 3. Nxe5 d6 4. Nxf7 Kxf7 5. Nc3 Bg4 6. f3 Be6 7. d4 d5 8. e5
Nh5 9. Be3 c5 10. Ne2 g6 11. g4 Ng7 12. c3 Nc6 13. Nf4 Be7 14. Bd3 Bh4+ 15. Kf1
Rf8 16. Ng2 Kg8 17. Nxh4 Qxh4 18. Kg2 cxd4 19. cxd4 Rf7 20. Bf2 Qe7 21. h4 Raf8
22. Be2 Bxg4 {Normal} 0-1

[Event "Rated Blitz tournament B0eZ0g8L"]
[Site "?"]
[Date "2021.09.02"]
[Round "?"]
[White "HpRmDrNsT"]
[Black "Golukeg"]
[Result "1-0"]
[ECO "C42"]
[WhiteElo "2413"]
[BlackElo "2318"]
[PlyCount "107"]
[EventDate "2021.??.??"]
[EventType "blitz"]
[TimeControl "180"]

1. e4 e5 2. Nf3 Nf6 3. Nxe5 d6 4. Nxf7 Kxf7 5. d4 Be7 6. Nc3 Rf8 7. Bc4+ Be6 8.
Bxe6+ Kxe6 9. O-O Kf7 10. f4 Kg8 11. g4 Qd7 12. f5 c5 13. dxc5 dxc5 14. Qf3 Nc6
15. g5 Ne8 16. Bf4 Nd4 17. Qg2 Kh8 18. Rad1 Nc7 19. Ne2 Qc6 20. Ng3 Rae8 21. c3
Ndb5 22. h4 Bd6 23. a4 Bxf4 24. axb5 Nxb5 25. Rxf4 c4 26. Rdf1 Qc5+ 27. Kh2 Nd6
28. h5 Qc6 29. R1f2 Nf7 30. Ne2 Ne5 31. Nd4 Qd7 32. f6 gxf6 33. g6 hxg6 34.
hxg6 f5 35. Rh4+ Kg8 36. Qh3 Qg7 37. Nxf5 Rxf5 38. Rxf5 Nxg6 39. Rg4 Re6 40.
Rfg5 Qc7+ 41. Kg2 Qf7 42. Qh5 Kg7 43. Rxg6+ Rxg6 44. Qe5+ Qf6 45. Qc7+ Qf7 46.
Qe5+ Qf6 47. Rxg6+ Kxg6 48. Qg3+ Kf7 49. e5 Ke6 50. exf6 Kxf6 51. Qe3 b5 52.
Qd4+ Kf7 53. Qc5 b4 54. Qc7+ {Time forfeit} 1-0

[Event "Rated Blitz game"]
[Site "?"]
[Date "2021.09.02"]
[Round "?"]
[White "Safar63"]
[Black "adnansendur"]
[Result "0-1"]
[ECO "C42"]
[WhiteElo "2375"]
[BlackElo "2422"]
[PlyCount "68"]
[EventDate "2021.??.??"]
[EventType "blitz"]
[TimeControl "180"]

1. e4 e5 2. Nf3 Nf6 3. Nxe5 d6 4. Nxf7 Kxf7 5. Bc4+ Be6 6. Bxe6+ Kxe6 7. Nc3 c5
8. O-O Nc6 9. f4 Qe8 10. e5 dxe5 11. fxe5 Nxe5 12. d4 cxd4 13. Qxd4 Qc6 14. Be3
Bd6 15. Rae1 Rhe8 16. Kh1 Qc4 17. Qd2 Kd7 18. b3 Qc6 19. Bd4 Kc8 20. Qg5 Nfd7
21. Qxg7 b5 22. a3 Kb7 23. Qxh7 Re7 24. Qh3 Rae8 25. Ne4 Bc7 26. c3 Ng6 27. Qf5
Rxe4 28. Rxe4 Rxe4 29. a4 a6 30. axb5 axb5 31. b4 Rf4 32. Qd3 Nh4 33. Rg1 Rg4
34. Qh3 Qe4 {Time forfeit} 0-1

[Event "Rated Blitz game"]
[Site "?"]
[Date "2021.09.02"]
[Round "?"]
[White "NguyenDucHoa"]
[Black "LadyMercedes"]
[Result "1-0"]
[ECO "C42"]
[WhiteElo "2667"]
[BlackElo "2674"]
[PlyCount "55"]
[EventDate "2021.??.??"]
[EventType "blitz"]
[TimeControl "180"]

1. e4 e5 2. Nf3 Nf6 3. Nxe5 d6 4. Nxf7 Kxf7 5. Bc4+ d5 6. exd5 Qe8+ 7. Kf1 Bd6
8. Nc3 a6 9. d3 b5 10. Bb3 Nbd7 11. Bg5 h6 12. Bh4 g5 13. Bg3 Bb7 14. Qf3 Nc5
15. Re1 Qd7 16. Re6 Be7 17. Be5 Nxe6 18. dxe6+ Kg7 19. Qxb7 Qc8 20. Qf3 Rf8 21.
h4 Kg6 22. hxg5 hxg5 23. Ne4 Rh8 24. Rxh8 Qxh8 25. Ng3 Rf8 26. Qf5+ Kh6 27. Ne4
Qh7 28. Qxg5# {Normal} 1-0

[Event "Rated Blitz game"]
[Site "?"]
[Date "2021.09.02"]
[Round "?"]
[White "Proteuo"]
[Black "JustOK"]
[Result "1-0"]
[ECO "C42"]
[WhiteElo "2503"]
[BlackElo "2559"]
[PlyCount "55"]
[EventDate "2021.??.??"]
[EventType "blitz"]
[TimeControl "180"]

1. e4 e5 2. Nf3 Nf6 3. Nxe5 d6 4. Nxf7 Kxf7 5. Nc3 c5 6. d4 Nc6 7. Bc4+ Ke8 8.
d5 Ne5 9. Bb5+ Bd7 10. f4 Nf7 11. Bd3 Bg4 12. Qd2 Be7 13. h3 Bd7 14. O-O Qb6
15. Kh2 h5 16. Qe2 c4 17. Bxc4 Rc8 18. e5 dxe5 19. fxe5 Nxe5 20. Bb3 Nfg4+ 21.
Kh1 Qd4 22. Bf4 g5 23. Rad1 Qxf4 24. Rxf4 gxf4 25. d6 Bh4 26. hxg4 hxg4 27.
Qxe5+ Kd8 28. Qxh8+ {Normal} 1-0

[Event "Rated Blitz tournament GIwbtlIW"]
[Site "?"]
[Date "2021.09.01"]
[Round "?"]
[White "HpRmDrNsT"]
[Black "tumedikitoalegre"]
[Result "1-0"]
[ECO "C42"]
[WhiteElo "2368"]
[BlackElo "2432"]
[PlyCount "47"]
[EventDate "2021.??.??"]
[EventType "blitz"]
[TimeControl "180"]

1. e4 e5 2. Nf3 Nf6 3. Nxe5 d6 4. Nxf7 Kxf7 5. d4 c5 6. dxc5 Qa5+ 7. Nc3 Qxc5
8. Be3 Qc7 9. Bd3 Be7 10. O-O Re8 11. f4 Kg8 12. Qf3 Nc6 13. Rae1 Ng4 14. Bc1
Nd4 15. Qg3 Bf6 16. h3 Nh6 17. Nd5 Qf7 18. f5 Be5 19. Qh4 Nhxf5 20. exf5 Qxd5
21. f6 g6 22. f7+ Qxf7 23. Rxf7 Kxf7 24. Qxh7+ {Normal} 1-0

[Event "Rated Blitz game"]
[Site "?"]
[Date "2021.09.01"]
[Round "?"]
[White "dalgen"]
[Black "Random_Patzer"]
[Result "0-1"]
[ECO "C42"]
[WhiteElo "2315"]
[BlackElo "2438"]
[PlyCount "88"]
[EventDate "2021.??.??"]
[EventType "blitz"]
[TimeControl "180"]

1. e4 e5 2. Nf3 Nf6 3. Nxe5 d6 4. Nxf7 Kxf7 5. Nc3 c5 6. Bc4+ Be6 7. Bxe6+ Kxe6
8. O-O Kf7 9. d3 Nc6 10. Bg5 Be7 11. Bxf6 Bxf6 12. Nd5 Re8 13. f4 Kg8 14. c3 b5
15. a3 a5 16. Qb3 Kh8 17. g4 Rb8 18. g5 Be7 19. Kh1 Bf8 20. Rf3 b4 21. axb4
axb4 22. Ra6 Qc8 23. Qa4 Ra8 24. Rxa8 Qxa8 25. Qb5 bxc3 26. bxc3 Rb8 27. Nb6
Qb7 28. g6 Qxb6 29. Qc4 Qb1+ 30. Kg2 Rb2+ 31. Rf2 Rxf2+ 32. Kxf2 Qc2+ 33. Kg3
hxg6 34. h4 Qe2 35. Qd5 Ne7 36. Qf7 Qxd3+ 37. Kf2 Qd2+ 38. Kf3 Qxc3+ 39. Kg4
Qf6 40. Qe8 Kg8 41. f5 gxf5+ 42. exf5 Qxf5+ 43. Kg3 Qf7 44. Qd7 Nf5+ {Time
forfeit} 0-1

[Event "Rated Blitz game"]
[Site "?"]
[Date "2021.09.01"]
[Round "?"]
[White "lucumpe04"]
[Black "o0o1"]
[Result "1-0"]
[ECO "C42"]
[WhiteElo "2493"]
[BlackElo "2286"]
[PlyCount "53"]
[EventDate "2021.??.??"]
[EventType "blitz"]
[TimeControl "180"]

1. e4 e5 2. Nf3 Nf6 3. Nxe5 d6 4. Nxf7 Kxf7 5. Bc4+ Ke7 6. Nc3 Be6 7. Ba6 Nxa6
8. O-O g6 9. d4 Bg7 10. f4 Re8 11. e5 Nd5 12. f5 Nxc3 13. bxc3 Bxf5 14. Bg5+
Kd7 15. Bxd8 Raxd8 16. g4 Be6 17. d5 Bg8 18. e6+ Kc8 19. Rb1 Nc5 20. Qf3 Rf8
21. Qh3 Ne4 22. e7 Rxf1+ 23. Rxf1 Re8 24. g5+ Kb8 25. Qd7 Nf6 26. Qd8+ Rxd8 27.
exd8=Q# {Normal} 1-0

[Event "Rated Blitz game"]
[Site "?"]
[Date "2021.09.01"]
[Round "?"]
[White "NguyenDucHoa"]
[Black "nimamideje"]
[Result "1-0"]
[ECO "C42"]
[WhiteElo "2675"]
[BlackElo "2723"]
[PlyCount "89"]
[EventDate "2021.??.??"]
[EventType "blitz"]
[TimeControl "180"]

1. e4 e5 2. Nf3 Nf6 3. Nxe5 d6 4. Nxf7 Kxf7 5. Bc4+ Ke8 6. O-O Be7 7. Nc3 c6 8.
a4 d5 9. exd5 cxd5 10. Bb3 Nc6 11. d4 Be6 12. Re1 Kf7 13. Bg5 Re8 14. Rxe6 Kxe6
15. Bxf6 Bxf6 16. Nxd5 Kd6 17. c3 Qc8 18. Qf3 Kd7 19. g3 Kd8 20. a5 Qd7 21. a6
Rb8 22. Ba4 b5 23. Bc2 Ne7 24. Nb4 Rb6 25. Bxh7 Kc7 26. Be4 Qd6 27. Rc1 Kb8 28.
Kg2 Rh8 29. Qd3 Qd7 30. Bf3 Qh3+ 31. Kg1 Qxh2+ 32. Kf1 Qh3+ 33. Bg2 Qd7 34. Qe4
Kc7 35. c4 Qxd4 36. cxb5+ Kd7 37. Qe1 Rd6 38. Nc6 Nxc6 39. Bxc6+ Kd8 40. Bb7
Qd3+ 41. Kg2 Kd7 42. Bc6+ Kd8 43. Bb7 Kd7 44. Bf3 Qxb5 45. Bg4+ {Normal} 1-0

[Event "Rated Blitz game"]
[Site "?"]
[Date "2021.09.01"]
[Round "?"]
[White "Doubleb17"]
[Black "aslani_mahmud"]
[Result "1-0"]
[ECO "C42"]
[WhiteElo "2468"]
[BlackElo "2341"]
[PlyCount "23"]
[EventDate "2021.??.??"]
[EventType "blitz"]
[TimeControl "180"]

1. e4 e5 2. Nf3 Nf6 3. Nxe5 d6 4. Nxf7 Kxf7 5. Nc3 Be6 6. d4 Be7 7. f4 Re8 8.
f5 Bd7 9. Bc4+ Kf8 10. O-O b5 11. Nxb5 Nxe4 12. Qh5 {Normal} 1-0

[Event "Rated Blitz game"]
[Site "?"]
[Date "2021.09.01"]
[Round "?"]
[White "popina123"]
[Black "Kartochnik"]
[Result "0-1"]
[ECO "C42"]
[WhiteElo "2496"]
[BlackElo "2497"]
[PlyCount "98"]
[EventDate "2021.??.??"]
[EventType "blitz"]
[TimeControl "300"]

1. e4 e5 2. Nf3 Nf6 3. Nxe5 d6 4. Nxf7 Kxf7 5. Nc3 g6 6. Bc4+ Kg7 7. O-O Be7 8.
d4 Rf8 9. Bb3 c5 10. f4 cxd4 11. Qxd4 Qb6 12. Qxb6 axb6 13. Be3 Nbd7 14. h3 Nc5
15. Bd4 Nxb3 16. axb3 Rxa1 17. Rxa1 Kg8 18. g4 Nd7 19. Nd5 Kf7 20. g5 Nc5 21.
Re1 Bxh3 22. b4 Ne6 23. Bxb6 Rc8 24. c3 Bg4 25. Kf2 Ng7 26. Ra1 Bd8 27. Be3 Rc4
28. Bd4 Ne6 29. Ke3 Nxd4 30. cxd4 Be6 31. b3 Rc2 32. Kd3 Rh2 33. Ne3 Rb2 34. d5
Rxb3+ 35. Kd4 Bb6+ 36. Kc4 Rxe3 37. dxe6+ Kxe6 38. Ra8 Rxe4+ 39. Kb5 Be3 40.
Rh8 Bxf4 41. Rxh7 Bxg5 42. Rxb7 Be7 43. Ka6 d5 44. b5 Bc5 45. b6 Rb4 46. Rb8
Rxb6+ 47. Rxb6+ Bxb6 48. Kxb6 d4 49. Kc5 d3 {Time forfeit} 0-1

[Event "Rated Blitz game"]
[Site "?"]
[Date "2021.08.31"]
[Round "?"]
[White "FerzBanana"]
[Black "monty82"]
[Result "0-1"]
[ECO "C42"]
[WhiteElo "2532"]
[BlackElo "2564"]
[PlyCount "34"]
[EventDate "2021.??.??"]
[EventType "blitz"]
[TimeControl "180+2"]

1. e4 e5 2. Nf3 Nf6 3. Nxe5 d6 4. Nxf7 Kxf7 5. d4 c5 6. Nc3 cxd4 7. Qxd4 Nc6 8.
Qd1 Be6 9. Be2 Be7 10. O-O Re8 11. f4 Kg8 12. Be3 Bf7 13. h3 a6 14. a3 Bf8 15.
Qd3 d5 16. e5 d4 17. exf6 Rxe3 {Normal} 0-1

[Event "Rated Blitz game"]
[Site "?"]
[Date "2021.08.31"]
[Round "?"]
[White "jiberwockie"]
[Black "Homespringer"]
[Result "1-0"]
[ECO "C42"]
[WhiteElo "2448"]
[BlackElo "2445"]
[PlyCount "49"]
[EventDate "2021.??.??"]
[EventType "blitz"]
[TimeControl "180"]

1. e4 e5 2. Nf3 Nf6 3. Nxe5 d6 4. Nxf7 Kxf7 5. d4 c5 6. Bc4+ Be6 7. Bxe6+ Kxe6
8. O-O cxd4 9. c3 Qb6 10. cxd4 Be7 11. e5 dxe5 12. dxe5 Ne8 13. Nc3 Qc6 14.
Qb3+ Kd7 15. Rd1+ Kc8 16. Nd5 Bd8 17. Bf4 Nc7 18. Rac1 Qg6 19. Qh3+ Nd7 20. e6
Kb8 21. Nxc7 a6 22. Rxd7 Bxc7 23. Rdxc7 Ka7 24. Qe3+ Kb8 25. Rc8# {Normal} 1-0

[Event "Rated Blitz game"]
[Site "?"]
[Date "2021.08.31"]
[Round "?"]
[White "Capitan-FE"]
[Black "Homespringer"]
[Result "1-0"]
[ECO "C42"]
[WhiteElo "2459"]
[BlackElo "2442"]
[PlyCount "129"]
[EventDate "2021.??.??"]
[EventType "blitz"]
[TimeControl "180"]

1. e4 e5 2. Nf3 Nf6 3. Nxe5 d6 4. Nxf7 Kxf7 5. d4 c5 6. Bc4+ Be6 7. Bxe6+ Kxe6
8. d5+ Kd7 9. Nc3 a6 10. f4 Kc7 11. e5 Ne8 12. O-O Nd7 13. a4 dxe5 14. fxe5
Nxe5 15. Bf4 Bd6 16. Qe2 Ng6 17. Bxd6+ Nxd6 18. a5 Qh4 19. Ra4 Qe7 20. Qf2 Nb5
21. Re4 Qd6 22. Re6 Rhf8 23. Qe1 Rxf1+ 24. Qxf1 Qf8 25. Qc4 Nxc3 26. Qxc3 Rc8
27. Qg3+ Qf4 28. Rxg6 Qxg3 29. Rxg3 g6 30. c4 Re8 31. Kf2 Re4 32. b3 Rd4 33.
Re3 Rd2+ 34. Kf3 Kd7 35. h4 Ra2 36. Ke4 Rxa5 37. Ke5 Ra2 38. g4 Rg2 39. Re4 Rf2
40. Re1 b5 41. Ra1 bxc4 42. bxc4 Rg2 43. Rxa6 Rxg4 44. Ra7+ Kc8 45. Kd6 Rxc4
46. Kc6 Kb8 47. Rxh7 Rc1 48. d6 c4 49. Rh8+ Ka7 50. d7 Rd1 51. d8=Q Rxd8 52.
Rxd8 c3 53. Rd7+ Ka6 54. Rd3 Ka5 55. Rxc3 Kb4 56. Rc1 Kb3 57. Kc5 Kb2 58. Rc4
Kb3 59. Kb5 Kb2 60. Kb4 Ka2 61. Rc2+ Ka1 62. Kb3 Kb1 63. Rc4 g5 64. hxg5 Ka1
65. Rc1# {Normal} 1-0

[Event "Rated Blitz game"]
[Site "?"]
[Date "2021.08.31"]
[Round "?"]
[White "TheRedKing89"]
[Black "unknown-maestro_2450"]
[Result "0-1"]
[ECO "C42"]
[WhiteElo "2783"]
[BlackElo "2675"]
[PlyCount "38"]
[EventDate "2021.??.??"]
[EventType "blitz"]
[TimeControl "180"]

1. e4 e5 2. Nf3 Nf6 3. Nxe5 d6 4. Nxf7 Kxf7 5. Bc4+ d5 6. exd5 Bd6 7. d3 Bg4 8.
f3 Bh5 9. Nc3 Nbd7 10. Ne4 Nxe4 11. dxe4 Qh4+ 12. Kf1 Ne5 13. Bb3 Rhf8 14. Be3
Kg8 15. Bf2 Qf4 16. Qc1 Qf6 17. c4 Bxf3 18. gxf3 Qxf3 19. Qd2 Qxh1+ {Normal}
0-1

[Event "Rated Blitz game"]
[Site "?"]
[Date "2021.08.31"]
[Round "?"]
[White "Saminsa"]
[Black "artiom1401"]
[Result "0-1"]
[ECO "C42"]
[WhiteElo "2464"]
[BlackElo "2511"]
[PlyCount "110"]
[EventDate "2021.??.??"]
[EventType "blitz"]
[TimeControl "180"]

1. e4 e5 2. Nf3 Nf6 3. Nxe5 d6 4. Nxf7 Kxf7 5. Nc3 g6 6. d4 Kg7 7. Bg5 Be7 8.
Qd2 h6 9. Be3 Ng4 10. f3 Nxe3 11. Qxe3 Nc6 12. Bc4 Rf8 13. O-O Bf6 14. Rad1 a6
15. e5 Be7 16. f4 Bf5 17. Rd2 dxe5 18. dxe5 Qe8 19. Nd5 Rc8 20. h3 h5 21. Kh2
Nb4 22. a3 Nxd5 23. Bxd5 c6 24. Bf3 Rd8 25. Rfd1 Qf7 26. Qc3 Be6 27. g3 Rxd2+
28. Qxd2 Rd8 29. Qe2 Rxd1 30. Qxd1 h4 31. Qd2 hxg3+ 32. Kxg3 Bd5 33. Bxd5 Qxd5
34. Qxd5 cxd5 35. Kg4 Kf7 36. f5 gxf5+ 37. Kxf5 d4 38. Ke4 Bc5 39. Kd5 Bb6 40.
Kd6 Ke8 41. h4 Bd8 42. h5 Bg5 43. Kd5 Ke7 44. Kxd4 Ke6 45. Ke4 Bh6 46. c4 Bg7
47. b4 Bxe5 48. Kd3 Bg7 49. c5 Kd5 50. Kc2 Kc4 51. Kd2 Kb3 52. Kd3 Kxa3 53. Kc4
Ka4 54. c6 bxc6 55. Kc5 Bh6 {Time forfeit} 0-1

[Event "Rated Blitz game"]
[Site "?"]
[Date "2021.08.30"]
[Round "?"]
[White "harence342"]
[Black "nimamideje"]
[Result "1-0"]
[ECO "C42"]
[WhiteElo "2536"]
[BlackElo "2697"]
[PlyCount "73"]
[EventDate "2021.??.??"]
[EventType "blitz"]
[TimeControl "180"]

1. e4 e5 2. Nf3 Nf6 3. Nxe5 d6 4. Nxf7 Kxf7 5. Bc4+ Be6 6. Bxe6+ Kxe6 7. O-O
Kd7 8. d4 Kc8 9. Bg5 Be7 10. c4 Nbd7 11. Re1 h6 12. Bh4 g5 13. Bg3 h5 14. h3 g4
15. Nc3 gxh3 16. e5 dxe5 17. dxe5 h2+ 18. Kh1 Ng4 19. Qe2 Nc5 20. Rad1 Qg8 21.
Nd5 Rh7 22. b4 Ne6 23. Nf6 Qf7 24. Nxh7 Qxh7 25. f3 Nh6 26. Qd2 Bxb4 27. Qxb4
Nf5 28. Bf2 a5 29. Qd2 Ra6 30. Qd5 Qf7 31. Kxh2 h4 32. c5 Qg7 33. Re4 Kb8 34.
Rg4 Qf7 35. Qd7 Ne7 36. Bxh4 Qh7 37. Qxe7 {Normal} 1-0

[Event "Rated Blitz game"]
[Site "?"]
[Date "2021.08.30"]
[Round "?"]
[White "Gayrobotskeleton"]
[Black "TacticalMaster"]
[Result "0-1"]
[ECO "C42"]
[WhiteElo "2340"]
[BlackElo "2505"]
[PlyCount "46"]
[EventDate "2021.??.??"]
[EventType "blitz"]
[TimeControl "180+2"]

1. e4 e5 2. Nf3 Nf6 3. Nxe5 d6 4. Nxf7 Kxf7 5. Bc4+ d5 6. exd5 Bd6 7. Nc3 Re8+
8. Ne2 Nbd7 9. O-O Ne5 10. Bb3 a5 11. d4 Ng6 12. Ng3 a4 13. Bc4 Bd7 14. a3 b5
15. Ba2 Kg8 16. Bg5 h6 17. Bd2 Ng4 18. h3 Nxf2 19. Rxf2 Bxg3 20. Rf1 Bd6 21. b3
Qh4 22. Be1 Qg5 23. Qf3 Rf8 {Normal} 0-1

[Event "Rated Blitz game"]
[Site "?"]
[Date "2021.08.30"]
[Round "?"]
[White "RatzFatzWeg"]
[Black "Ookkii6"]
[Result "0-1"]
[ECO "C42"]
[WhiteElo "2551"]
[BlackElo "2376"]
[PlyCount "68"]
[EventDate "2021.??.??"]
[EventType "blitz"]
[TimeControl "180+2"]

1. e4 e5 2. Nf3 Nf6 3. Nxe5 d6 4. Nxf7 Kxf7 5. Nc3 c5 6. Bc4+ Be6 7. Bxe6+ Kxe6
8. d4 Kf7 9. dxc5 Nc6 10. Qe2 dxc5 11. Qc4+ Kg6 12. Be3 h6 13. Rd1 Qe8 14. O-O
Kh7 15. Rfe1 Rd8 16. Rxd8 Qxd8 17. Bxc5 Bxc5 18. Qxc5 Re8 19. Rd1 Qe7 20. Qf5+
Kh8 21. f3 Rd8 22. Rxd8+ Qxd8 23. Nd5 Nxd5 24. Qxd5 Qb6+ 25. Kf1 Qxb2 26. Qb3
Qc1+ 27. Kf2 Qd2+ 28. Kg3 Qg5+ 29. Kf2 Qd2+ 30. Kg3 Nd4 31. Qxb7 Ne2+ 32. Kh3
Nf4+ 33. Kg4 Qxg2+ 34. Kxf4 Qg5# {Normal} 0-1

[Event "Rated Blitz game"]
[Site "?"]
[Date "2021.08.30"]
[Round "?"]
[White "Xanax_2mg"]
[Black "mkharin"]
[Result "0-1"]
[ECO "C42"]
[WhiteElo "2337"]
[BlackElo "2403"]
[PlyCount "42"]
[EventDate "2021.??.??"]
[EventType "blitz"]
[TimeControl "180"]

1. e4 e5 2. Nf3 Nf6 3. Nxe5 d6 4. Nxf7 Kxf7 5. Bc4+ d5 6. exd5 Bd6 7. O-O Re8
8. d4 Kg8 9. Bb3 Bg4 10. f3 Bf5 11. c4 b6 12. Nc3 Nbd7 13. Nb5 a5 14. Nxd6 cxd6
15. Bc2 Bxc2 16. Qxc2 Qe7 17. Bf4 Rac8 18. Rae1 Qf8 19. b3 Nxd5 20. Rxe8 Qxe8
21. Bg3 Ne3 {Normal} 0-1

[Event "Rated Blitz game"]
[Site "?"]
[Date "2021.08.30"]
[Round "?"]
[White "jiberwockie"]
[Black "adnansendur"]
[Result "1-0"]
[ECO "C42"]
[WhiteElo "2420"]
[BlackElo "2417"]
[PlyCount "49"]
[EventDate "2021.??.??"]
[EventType "blitz"]
[TimeControl "180"]

1. e4 e5 2. Nf3 Nf6 3. Nxe5 d6 4. Nxf7 Kxf7 5. d4 Qe8 6. Bd3 c5 7. c3 cxd4 8.
cxd4 Nc6 9. O-O Nxd4 10. f4 Qc6 11. e5 Ng4 12. h3 Nh6 13. Nc3 Nhf5 14. Be4 Qc5
15. Kh2 h5 16. Bd5+ Be6 17. Bxe6+ Nxe6 18. Ne4 Qd4 19. Qc2 g6 20. Rd1 Ne3 21.
Bxe3 Qxe3 22. Rf1 d5 23. Ng5+ Nxg5 24. fxg5+ Kg7 25. Qc7+ {Normal} 1-0

[Event "Rated Rapid game"]
[Site "?"]
[Date "2021.08.30"]
[Round "?"]
[White "j_lisbon"]
[Black "Alexandr_45"]
[Result "1-0"]
[ECO "C42"]
[WhiteElo "2483"]
[BlackElo "2205"]
[PlyCount "75"]
[EventDate "2021.??.??"]
[EventType "rapid"]
[TimeControl "300+5"]

1. e4 e5 2. Nf3 Nf6 3. Nxe5 d6 4. Nxf7 Kxf7 5. d4 Nc6 6. c3 Nxe4 7. Qh5+ g6 8.
Qd5+ Be6 9. Qxe4 d5 10. Qf3+ Kg7 11. Bd3 Bd6 12. O-O Qh4 13. g3 Qh3 14. Be3 Bg4
15. Qg2 Qh5 16. Nd2 Rhf8 17. Rfe1 Bh3 18. Qh1 Rf7 19. Be2 Qf5 20. Bf3 Ne7 21.
Bg2 Bg4 22. h3 Bh5 23. g4 Bxg4 24. hxg4 Qxg4 25. Qh3 Qf5 26. Qxf5 Nxf5 27. Bxd5
Nxe3 28. Rxe3 Rf5 29. Bxb7 Rb8 30. Be4 Rg5+ 31. Bg2 Rxb2 32. Ne4 Rf5 33. Nxd6
Rfxf2 34. Ne8+ Kh6 35. Bd5 g5 36. Rf1 Rfc2 37. Rh3+ Kg6 38. Rf6# {Normal} 1-0

[Event "Rated Blitz game"]
[Site "?"]
[Date "2021.08.30"]
[Round "?"]
[White "BirdSetFree7"]
[Black "Roli_The_First"]
[Result "1-0"]
[ECO "C42"]
[WhiteElo "2429"]
[BlackElo "2302"]
[PlyCount "95"]
[EventDate "2021.??.??"]
[EventType "blitz"]
[TimeControl "180+2"]

1. e4 e5 2. Nf3 Nf6 3. Nxe5 d6 4. Nxf7 Kxf7 5. d4 Nxe4 6. Qh5+ Ke7 7. Qe2 Bf5
8. f3 Kd7 9. fxe4 Qh4+ 10. g3 Qxe4 11. Bg2 Qxe2+ 12. Kxe2 Nc6 13. c3 Bg4+ 14.
Kd3 Bf5+ 15. Be4 Bxe4+ 16. Kxe4 Be7 17. Bf4 g5 18. Be3 g4 19. Nd2 Raf8 20. Rae1
h5 21. Bf4 h4 22. Nb3 hxg3 23. hxg3 Rh3 24. Rxh3 gxh3 25. Rh1 Rh8 26. Nd2 Nd8
27. Nf3 Ne6 28. Ng1 Nxf4 29. Kxf4 Rf8+ 30. Ke3 Bg5+ 31. Ke2 Re8+ 32. Kf3 Bc1
33. Rh2 Rf8+ 34. Ke2 Rg8 35. Kf3 Rf8+ 36. Ke4 Re8+ 37. Kd3 Rh8 38. Kc2 Be3 39.
Rxh3 Rf8 40. Ne2 Rf2 41. Kd3 Bg5 42. Rh7+ Kc6 43. d5+ Kxd5 44. Rh5 Rf3+ 45. Kc2
Rf5 46. Nd4 Re5 47. Nf3 Re2+ 48. Kb3 {Time forfeit} 1-0

[Event "Rated Blitz game"]
[Site "?"]
[Date "2021.08.30"]
[Round "?"]
[White "Saminsa"]
[Black "bobderbaunikolayy"]
[Result "1-0"]
[ECO "C42"]
[WhiteElo "2436"]
[BlackElo "2213"]
[PlyCount "57"]
[EventDate "2021.??.??"]
[EventType "blitz"]
[TimeControl "180"]

1. e4 e5 2. Nf3 Nf6 3. Nxe5 d6 4. Nxf7 Kxf7 5. Nc3 Be6 6. d4 c5 7. d5 Bg4 8. f3
Bd7 9. Bc4 a6 10. a4 Qa5 11. Ra2 Qb4 12. Qe2 Be7 13. Bd2 Qb6 14. e5 dxe5 15.
d6+ Be6 16. dxe7 Bxc4 17. Qxc4+ Qe6 18. Qxc5 Nc6 19. O-O Rhe8 20. Ne4 Qxa2 21.
b3 Rxe7 22. Qc4+ Kf8 23. Nxf6 gxf6 24. Bh6+ Rg7 25. Rd1 Qa3 26. Rd7 Ne7 27. Qe6
Qc5+ 28. Kf1 Qc6 29. Qxe7+ {Time forfeit} 1-0

[Event "Rated Blitz game"]
[Site "?"]
[Date "2021.08.29"]
[Round "?"]
[White "JustOK"]
[Black "aeminovsensey1"]
[Result "1-0"]
[ECO "C42"]
[WhiteElo "2516"]
[BlackElo "2433"]
[PlyCount "57"]
[EventDate "2021.??.??"]
[EventType "blitz"]
[TimeControl "180"]

1. e4 e5 2. Nf3 Nf6 3. Nxe5 d6 4. Nxf7 Kxf7 5. d4 Qe8 6. Bd3 Nc6 7. O-O Nxd4 8.
Bc4+ Ne6 9. f4 Qc6 10. Na3 Ke8 11. e5 dxe5 12. fxe5 Nd7 13. Qh5+ g6 14. Qe2
Qc5+ 15. Be3 Qxe5 16. Rae1 Bc5 17. Bxc5 Qxc5+ 18. Kh1 Ndf8 19. Rxf8+ Kxf8 20.
Bxe6 Bxe6 21. Qxe6 Kg7 22. Qd7+ Kh6 23. Re4 Qf2 24. Qh3+ Kg7 25. Qc3+ Kf8 26.
Qxh8+ Kf7 27. Qxh7+ Kf6 28. Qe7+ Kf5 29. Qe5# {Normal} 1-0

[Event "Rated Rapid game"]
[Site "?"]
[Date "2021.08.29"]
[Round "?"]
[White "lcgenius"]
[Black "merip"]
[Result "0-1"]
[ECO "C42"]
[WhiteElo "2417"]
[BlackElo "2256"]
[PlyCount "68"]
[EventDate "2021.??.??"]
[EventType "rapid"]
[TimeControl "600"]

1. e4 e5 2. Nf3 Nf6 3. Nxe5 d6 4. Nxf7 Kxf7 5. d4 Be7 6. Bc4+ Be6 7. Bxe6+ Kxe6
8. O-O Kf7 9. f4 Rf8 10. e5 Nfd7 11. e6+ Kxe6 12. Qh5 Nf6 13. Re1+ Kd7 14. Qb5+
Kc8 15. Nc3 Qd7 16. Qb3 Nc6 17. Be3 Ng4 18. d5 Na5 19. Qb4 Nxe3 20. Rxe3 b6 21.
Qe4 Bf6 22. b4 Nb7 23. Rae1 Bxc3 24. Rxc3 a5 25. a3 axb4 26. axb4 g6 27. h3 Rf7
28. Kh2 Qf5 29. Qe8+ Nd8 30. Qb5 Qxf4+ 31. Kh1 Kb7 32. Rf3 Qd2 33. Re8 Rxf3 34.
Rxd8 Ra1+ {Normal} 0-1

[Event "Rated Blitz game"]
[Site "?"]
[Date "2021.08.29"]
[Round "?"]
[White "tatamaco"]
[Black "TacticalMaster"]
[Result "0-1"]
[ECO "C42"]
[WhiteElo "2416"]
[BlackElo "2517"]
[PlyCount "20"]
[EventDate "2021.??.??"]
[EventType "blitz"]
[TimeControl "180+2"]

1. e4 e5 2. Nf3 Nf6 3. Nxe5 d6 4. Nxf7 Kxf7 5. d4 c5 6. Bc4+ d5 7. exd5 cxd4 8.
Qxd4 Bd6 9. O-O Re8 10. Bf4 Re4 {Normal} 0-1

[Event "Rated Blitz game"]
[Site "?"]
[Date "2021.08.29"]
[Round "?"]
[White "GoughPhar"]
[Black "SuperSpeedyCrazyCow"]
[Result "1-0"]
[ECO "C42"]
[WhiteElo "2422"]
[BlackElo "2275"]
[PlyCount "47"]
[EventDate "2021.??.??"]
[EventType "blitz"]
[TimeControl "180"]

1. e4 e5 2. Nf3 Nf6 3. Nxe5 d6 4. Nxf7 Kxf7 5. Bc4+ d5 6. exd5 Bd6 7. d4 Re8+
8. Be3 Bg4 9. Qd3 Nbd7 10. Nc3 Nb6 11. f3 Nxc4 12. Qxc4 Rxe3+ 13. Kf2 Bf4 14.
d6+ Be6 15. d5 Nxd5 16. Nxd5 Qh4+ 17. Kf1 c6 18. Qxf4+ Qxf4 19. Nxf4 Bc4+ 20.
Kf2 Re5 21. b3 Be6 22. Rhe1 Rxe1 23. Rxe1 Rd8 24. Nxe6 {Normal} 1-0

[Event "Rated Blitz game"]
[Site "?"]
[Date "2021.08.29"]
[Round "?"]
[White "GoughPhar"]
[Black "aeminovsensey1"]
[Result "0-1"]
[ECO "C42"]
[WhiteElo "2434"]
[BlackElo "2425"]
[PlyCount "98"]
[EventDate "2021.??.??"]
[EventType "blitz"]
[TimeControl "180"]

1. e4 e5 2. Nf3 Nf6 3. Nxe5 d6 4. Nxf7 Kxf7 5. Bc4+ Be6 6. Bxe6+ Kxe6 7. O-O
Kd7 8. d4 c6 9. e5 Nd5 10. c4 Nb6 11. b3 Kc7 12. Bf4 N8d7 13. exd6+ Bxd6 14.
Bxd6+ Kxd6 15. c5+ Kc7 16. cxb6+ Nxb6 17. Nc3 Rc8 18. Qg4 Kb8 19. a4 Nd5 20.
Nxd5 Qxd5 21. a5 h5 22. Qg3+ Ka8 23. a6 b6 24. Qxg7 Rb8 25. f3 Rhe8 26. Rfe1
Rxe1+ 27. Rxe1 Qxb3 28. Qh6 Qb5 29. Rc1 Rc8 30. Qh7 Qxa6 31. Qxh5 Qa3 32. Qg5
Qd6 33. Qd2 a5 34. Rb1 Kb7 35. Qxa5 Qxd4+ 36. Kh1 Rd8 37. h3 Qd1+ 38. Qe1 Qxe1+
39. Rxe1 b5 40. h4 b4 41. h5 c5 42. g4 c4 43. Re4 Rc8 44. h6 b3 45. h7 b2 46.
Re1 Rh8 47. Kg2 Rxh7 48. Rb1 c3 49. Rd1 c2 {Time forfeit} 0-1